AoeStats
← Kijuan13

Hideout

508697313Analyzed
1v1 RM · 9d ago on Sep 23, 2026· 25m 4s· 2 players
Game mode
Random Map
Map size
Tiny (2 player)
Population
200
Speed
Normal
Resources
Standard
Victory
Conquest
Starting age
Dark Age
Ending age
Imperial Age
RankedLock teamsTeams togetherTeam positionsShared explorationLock speedFull tech treeHidden civsTurbo modeCheats
Victory
Defeat
🇺🇸 Spanish · United States
1246
+17
🇦🇷 Inca · Argentina
1264
-17
Kijuan13
2:35 Loom
10:36 Feudal Age
11:17 Double-Bit Axe
11:13 Horse Collar
14:31 Scale Mail Armor
14:41 Forging
15:43 Wheelbarrow
14:53 Loom
14:35 Man-at-Arms
16:34 Arson
22:46 Castle Age
20:54 Gold Mining
23:30 Gambesons
23:07 Long Swordsman
23:50 Squires
24:06 Chain Mail Armor
24:27 Iron Casting
Anak
6:47 Loom
9:31 Feudal Age
10:20 Champi Runner
15:18 Double-Bit Axe
16:31 Horse Collar
22:09 Castle Age
20:35 Forging
22:53 Champi Warrior
23:35 Squires
Connection lost

Rejoining the realm…

Still unreachable

The connection could not be restored.

Session expired

The server has moved on; the page needs a fresh start.